 Dungeon Crawl Stone Soup version 0.20.1-1-g8b1a95d (webtiles) character file.

649 letownia2 the Reanimator (level 7, 24/56 HPs)
             Began as a Deep Dwarf Necromancer on Nov 23, 2017.
             Quit the game on level 5 of the Dungeon.
             The game lasted 00:15:52 (4712 turns).

letownia2 the Reanimator (Deep Dwarf Necromancer)   Turns: 4712, Time: 00:15:53

Health: 24/56      AC:  6    Str: 12    XL:     7   Next: 28%
Magic:  11/11      EV: 12    Int: 17    God:
Gold:   166        SH:  0    Dex: 13    Spells: 8/12 levels left

rFire    . . .     SeeInvis .   t - -1 dagger (curse)
rCold    . . .     Gourm    .   (no shield)
rNeg     . . .     Faith    .   m - +0 leather armour
rPois    .         Spirit   .   (no helmet)
rElec    .         Reflect  .   l - +0 cloak
rCorr    .         Harm     .   (no gloves)
MR       +....                  (no boots)
Stlth    ++........             (no amulet)
Regen    0.0/turn               B - +2 ring of protection
MPRegen  0.2/turn               (no ring)

@: non-regenerating
A: damage resistance, heal wounds, sense surroundings 1, no regeneration
a: Heal Wounds


You were on level 5 of the Dungeon.
You were not hungry.

You visited 2 branches of the dungeon, and saw 7 of its levels.

You collected 166 gold pieces.

Inventory:

Hand Weapons
 t - a cursed -1 dagger (weapon)
Missiles
 s - 4 poisoned tomahawks (quivered)
Armour
 f - a +0 scale mail
 j - a +0 robe
 l - a +0 cloak (worn)
 m - a +0 leather armour (worn)
 C - a +0 pair of boots
Magical Staves
 a - an uncursed staff of poison
Jewellery
 B - a +2 ring of protection (left hand)
Wands
 w - a wand of polymorph (19/24)
Scrolls
 e - 3 scrolls of remove curse {unknown}
 i - 2 scrolls of amnesia {unknown}
 o - 3 scrolls of teleportation {unknown}
 p - 3 scrolls of identify {unknown}
Potions
 g - 2 potions of cancellation {unknown}
 k - 2 potions of heal wounds {unknown}
 q - a potion of flight {unknown}
 r - 2 potions of curing {unknown}
 x - a potion of magic {unknown}
 z - 3 potions of lignification {unknown}
Books
 b - a book of Necromancy

   Spells                             Type                      Level
   a - Pain                           Necromancy                   1
   b - Animate Skeleton               Necromancy                   1
   c - Vampiric Draining              Necromancy                   3
   d - Regeneration                   Charms/Necromancy            3
   e - Animate Dead                   Necromancy                   4
   f - Control Undead                 Necromancy                   4
Comestibles
 c - 4 bread rations
 d - 3 royal jellies
 h - 6 chunks of flesh
 A - a meat ration


   Skills:
 + Level 0.3 Fighting
 + Level 0.7 Armour
 - Level 2.1 Dodging
 - Level 2.4 Stealth
 + Level 3.0 Spellcasting
 - Level 9.1 Necromancy


You had 8 spell levels left.
You knew the following spells:

 Your Spells              Type           Power        Failure   Level  Hunger
a - Pain                  Necr           ####         1%          1    None
v - Vampiric Draining     Necr           ####......   1%          3    ###....


Dungeon Overview and Level Annotations

Branches:
Dungeon (6/15)             Temple (1/1) D:4

Altars:
Cheibriados
Elyvilon
Fedhas
Kikubaaqudgha
Nemelex Xobeh
Okawaru
Qazlal
Ru
Trog
Uskayaw
Xom
Yredelemnul

Shops:
D:6 [

Annotations:
D:4 exclusion: ogre
D:5 1 runed door
D:6 Zogzag's ghost, novice HuIE


Innate Abilities, Weirdness & Mutations

You are resistant to damage.
You can heal yourself by infusing magical energy.
You passively map a small area around you.
You do not regenerate.


Message History

Okay, then.
Put on which piece of jewellery? (? for menu, Esc to quit)
Okay, then.
Okay, then.
You climb upwards.
Level annotation: 1 runed door
There is a stone staircase leading down here.
As you read the scroll labeled TUREAL ZUFE, it crumbles to dust.
It is a scroll of recharging.
Charge which item? (? for menu, Esc to quit)
Your wand of polymorph (?/24) {zapped: 2} glows for a moment.
As you read the scroll labeled GOUMIFA IRGHOBU, it crumbles to dust.
The scroll dissolves into smoke.
It was a scroll of fog.
As you read the scroll labeled SAWKUI ZEAVISCH, it crumbles to dust.
Your body is wracked with pain!
It was a scroll of torment.
As you read the scroll labeled OMUCURIEMM, it crumbles to dust.
You hear a loud clanging noise!
It was a scroll of noise.
Unknown command.
Are you sure you want to abandon this character and quit the game? (Confirm with "yes".)

.#### #.# #.##.###.# .#
##'## #....###.# .#
##...## ##.....##.# .#
##.....####.........#
.###.......##..........#
.##.........#..........#
..'.........'.§§§§§....#
###.........##§§§§§....#
##.......####§@§..####
##.....## ##§§.##
##...########.##
##.........#.#
#####.#######.#.#
#.........# #.#.#
###.###.###.###.#.#
#........##.......#
#.^.......#####.###


There were no monsters in sight!

Vanquished Creatures
  Eustachio (D:5)
  A sky beast (D:5)
  An ogre (D:5)
  A howler monkey (D:4)
  A jelly (D:5)
  A gnoll shaman (D:4)
  An iguana (D:5)
  An orc wizard (D:3)
  A worker ant (D:5)
  A gnoll (D:4)
  8 adders
  An ooze (D:4)
  2 adder skeletons
  3 dart slugs
  2 leopard geckos (D:2)
  5 orcs
  3 bats
  2 giant cockroaches
  2 goblins
  8 hobgoblins
  9 jackals
  2 quokkas
  A ball python (D:2)
  4 frilled lizards
  A jackal zombie (D:5)
  5 kobolds
  4 rats
72 creatures vanquished.

Notes
Turn   | Place    | Note
-------+----------+-------------------------------------------
     0 | D:1      | letownia2 the Deep Dwarf Necromancer began the quest for the Orb.
     0 | D:1      | Reached XP level 1. HP: 15/15 MP: 3/3
   111 | D:1      | Found an iron altar of Okawaru.
   271 | D:2      | Reached XP level 2. HP: 16/22 MP: 0/5
   922 | D:3      | Reached skill level 5 in Necromancy
   963 | D:4      | Noticed a phantom
  1142 | D:4      | Noticed a howler monkey
  1232 | D:4      | Found a staircase to the Ecumenical Temple.
  1238 | Temple   | Entered the Ecumenical Temple
  1375 | D:4      | Noticed a crimson imp
  1456 | D:4      | Reached XP level 3. HP: 7/28 MP: 2/6
  1465 | D:4      | Learned a level 3 spell: Vampiric Draining
  1526 | D:4      | Noticed an ogre
  1544 | D:4      | Noticed an ogre
  1637 | D:4      | Noticed an ogre
  2244 | D:2      | Reached XP level 4. HP: 33/36 MP: 2/8
  2826 | D:3      | Reached skill level 6 in Necromancy
  2868 | D:3      | Reached XP level 5. HP: 38/42 MP: 4/9
  3212 | D:5      | Entered Level 5 of the Dungeon
  3212 | D:5      | Noticed Eustachio
  3235 | D:6      | Found Guqeebru's Armour Shoppe.
  3240 | D:6      | Reached skill level 7 in Necromancy
  3256 | D:6      | Noticed Zogzag's ghost (novice HuIE)
  3266 | D:6      | Noticed an orc warrior
  3283 | D:5      | Killed Eustachio
  3283 | D:5      | Reached XP level 6. HP: 10/49 MP: 3/10
  3391 | D:5      | Noticed a sky beast
  3527 | D:5      | Killed a sky beast
  3527 | D:5      | Reached skill level 8 in Necromancy
  3728 | D:5      | Found a snail-covered altar of Cheibriados.
  3769 | D:5      | Reached XP level 7. HP: 34/55 MP: 4/11
  3837 | D:5      | Found an ancient bone altar of Kikubaaqudgha.
  3945 | D:5      | Reached skill level 9 in Necromancy
  4090 | D:5      | Found a runed door.
  4243 | D:4      | Found a sacrificial altar of Ru.
  4712 | D:5      | Quit the game

Skill      XL: |  1  2  3  4  5  6  7 |
---------------+----------------------+-----
Spellcasting   | 2 3 |  3.0
Necromancy     | 5 6 7 8 9 |  9.1
Fighting       | |  0.3
Armour         | |  0.7
Dodging        | |  2.1
Stealth        | |  2.4

Action                   |  1- 3 |  4- 6 |  7- 9 || total
-------------------------+-------+-------+-------++-------
Melee: Staff             |    12 |    32 |    14 ||    58
       Unarmed           |     1 |    11 |       ||    12
Throw: Tomahawk          |       |       |     2 ||     2
 Cast: Pain              |    40 |    61 |     4 ||   105
       Vampiric Draining |     8 |    15 |     8 ||    31
  Use: Scroll            |       |       |     4 ||     4
 Stab: Confused          |       |     2 |       ||     2
  Eat: Chunk             |     4 |     6 |     5 ||    15
Armor: Scale mail        |     4 |       |       ||     4
       Leather armour    |     6 |    22 |     8 ||    36
Dodge: Dodged            |    23 |    75 |    13 ||   111
